 Dungeon Crawl Stone Soup version 0.16-a0-3115-g4870798 (webtiles) character file.

5259 PolkaDot the Fighter (level 10, 0/82 HPs)
             Began as a Vampire Summoner on Dec 13, 2014.
             Was a Priest of Sif Muna.
             Killed from afar by a guardian serpent (26 damage)
             ... with a bolt of poison
             ... on level 10 of the Dungeon.
             The game lasted 00:50:10 (11100 turns).

PolkaDot the Fighter (Vampire Summoner)            Turns: 11100, Time: 00:50:10

Health: 0/82       AC:  5    Str:  7    XL:     10   Next: 36%
Magic:  19/21      EV: 14    Int: 20    God:    Sif Muna [***...]
Gold:   18         SH:  0    Dex: 16    Spells: 6 memorised, 0 levels left

rFire  + . .     SeeInvis +     i - staff of summoning
rCold  . . .     Clarity  .     G - +2 leather armour {rF+}
rNeg   + . .     SustAb   .     (no shield)
rPois  .         Gourm    .     (no helmet)
rElec  .         Spirit   .     (no cloak)
rCorr  .         Warding  +     (no gloves)
rMut   .         Stasis   .     (no boots)
MR     +....                    u - amulet of warding
Stlth  +.........               p - +2 ring of evasion
                                k - +1 ring of slaying

@: lethally poisoned, contaminated, regenerating very quickly, glowing, somewhat
resistant to hostile enchantments, very unstealthy
A: bottle blood, fangs 3, see invisible, agile 1, unbreathing
a: Channel Energy, Forget Spell, Renounce Religion


You were on level 10 of the Dungeon.
You worshipped Sif Muna.
Sif Muna was most pleased with you.
You were almost alive.

You visited 1 branch of the dungeon, and saw 10 of its levels.
You also visited: Sewer.

You collected 426 gold pieces.
You spent 408 gold pieces at shops.

Inventory:

Missiles
 n - 2 throwing nets (quivered)
Armour
 G - a +2 leather armour of fire resistance (worn)
Magical staves
 i - an uncursed staff of summoning (weapon)
Jewellery
 k - a +1 ring of slaying (left hand)
 p - a +2 ring of evasion (right hand)
 u - an amulet of warding (around neck)
Magical devices
 e - a wand of confusion (16)
 h - a wand of random effects (21)
 x - a wand of polymorph (13)
 y - a wand of frost (7)
 z - a wand of magic darts (28)
 A - a wand of teleportation (1)
 B - a wand of draining (0)
 H - a wand of paralysis (18)
Scrolls
 a - a scroll of noise {unknown}
 c - a scroll of fog
 d - a scroll of fear
 f - 4 scrolls of teleportation
 g - 2 scrolls of amnesia
 l - 5 scrolls of remove curse
 m - 2 scrolls of magic mapping
 q - 5 scrolls of identify
 r - a scroll of immolation {unknown}
 v - a scroll of recharging
 D - 2 scrolls of enchant weapon {unknown}
 E - a scroll of enchant armour {unknown}
Potions
 j - a potion of magic
 o - a potion of blood {@*1}
 t - a potion of ambrosia
 F - a potion of restore abilities
Books
 b - a book of Callings

   Spells                             Type                      Level
   a - Summon Small Mammal            Summoning                    1
   b - Call Imp                       Summoning                    2
   c - Call Canine Familiar           Summoning                    3
   d - Summon Guardian Golem          Hexes/Summoning              4
   e - Summon Lightning Spire         Summoning/Air                4
   f - Summon Ice Beast               Ice/Summoning                4
 s - a book of Enchantments

   Spells                             Type                      Level
   a - Tukima's Dance                 Hexes                        3
   b - Cause Fear                     Hexes                        4
   c - Silence                        Hexes/Air                    5
   d - Deflect Missiles               Charms/Air                   6
   e - Haste                          Charms                       6
   f - Discord                        Hexes                        8


   Skills:
 - Level 8.6 Fighting
   Level 4.3 Polearms
 - Level 2.1 Dodging
 - Level 3.0 Stealth
 - Level 4.8 Spellcasting
 - Level 5.0 Hexes
 + Level 8.1 Summonings
 - Level 5.7 Ice Magic
 * Level 1.8 Air Magic


You couldn't memorise any spells.
You knew the following spells:

 Your Spells              Type           Power        Failure   Level  Hunger
d - Call Canine Familiar  Summ           ######..     1%          3    ##.....
g - Summon Guardian Gole  Hex/Summ       #####...     10%         4    ####...
i - Summon Ice Beast      Ice/Summ       #####...     10%         4    ####...
l - Summon Lightning Spi  Summ/Air       #####...     17%         4    ####...
s - Call Imp              Summ           ######..     1%          2    #......
z - Summon Small Mammal   Summ           ####         1%          1    None


Dungeon Overview and Level Annotations

Branches:
Dungeon (10/15)            Temple (0/1) D:5
   Lair: D:8-11         Orc: D:9-12

Altars:
Gozag
Kikubaaqudgha
Okawaru
Qazlal
Sif Muna
Trog
Xom
Yredelemnul
The Shining One

Shops:
D:8 *

Annotations:
Abyss:1 Edmund


Innate Abilities, Weirdness & Mutations

Your natural rate of healing is extremely fast.
You can bottle blood from corpses.
You have razor-sharp teeth.
You have supernaturally acute eyesight.
You can survive without breathing.
You are agile. (Dex +2)


Message History

The guardian serpent coils itself and waves its upper body at you.
The bolt of poison hits the rat.
The rat dies!
The bolt of poison hits you!
You are poisoned.
* * * LOW HITPOINT WARNING * * *
Drink which item? (? for menu, Esc to quit)
You feel better.
Your ice beast barely misses the guardian serpent.
Read which item? (? for menu, Esc to quit)
Okay, then.
Drink which item? (? for menu, Esc to quit)
Magic courses through your body.
The guardian serpent casts a spell at you.
Your ice beast seems to slow down.
The guardian serpent coils itself and waves its upper body at you.
The bolt of poison hits your ice beast. x2
The bolt of poison hits you!
You are poisoned.
You die...

.# #.)..$..... #####...#
.# #......# #...# .#
#..)...# #...# .+
#......### ... .#
#........#
.#####....$...#
..............# ###
............).##+##......
...........).SYY@........
...............†.........
........................
........................
..#### ################.
..# ..# ..# ..#


You could see a guardian serpent and 2 friendly ice beasts.

Vanquished Creatures
  Pikel (D:4)
  A wyvern (D:8)
  A deep elf mage (D:7)
  3 yaks (D:9)
  Eustachio (D:5)
  2 hippogriffs
  A water moccasin (D:9)
  2 ice beasts
  An orc warrior (D:7)
  A sky beast (D:5)
  A slave (D:4)
  An ogre (D:5)
  Sigmund (D:7)
  A crocodile (D:9)
  3 centaurs
  A big kobold (D:8)
  3 giant frogs (D:9)
  A water moccasin zombie (D:9)
  2 scorpions
  3 killer bees (D:7)
  2 crimson imps
  A giant frog zombie (D:6)
  A jelly (D:5)
  4 hounds
  2 worker ants
  An iguana (D:5)
  4 orc wizards
  Natasha (twice) (D:5)
  2 orc priests (D:7)
  Ijyb (D:2)
  A hound zombie (D:7)
  A hound skeleton (D:5)
  16 adders
  A shadow imp (D:7)
  6 worms
  2 giant mites
  An adder skeleton (D:4)
  4 giant geckos
  An ooze (D:7)
  17 orcs
  9 giant cockroaches
  8 hobgoblins
  16 jackals
  14 kobolds
  4 quokkas
  6 ball pythons
  12 bats
  A giant gecko skeleton (D:6)
  9 giant newts
  8 goblins
  A jackal zombie (D:5)
  A quokka zombie (D:6)
  16 rats
  A ballistomycete (D:8)
  2 plants (Sewer)
209 creatures vanquished.

Vanquished Creatures (collateral kills)
  Erolcha (D:9)
  Joseph (D:7)
  A wyvern (D:9)
  The ghost of Yermak the Covert, an average FeFi of Xom (D:5)
  A yak (D:9)
  A water moccasin (D:8)
  A slave (D:4)
  An ice beast (D:7)
  A centaur (D:8)
  2 orc warriors (D:8)
  An ogre (D:6)
  Duvessa (D:7)
  7 killer bees
  Dowan (D:7)
  A goliath beetle (D:8)
  3 orc wizards (D:8)
  A giant frog skeleton (D:8)
  2 orc priests
  An iguana (D:8)
  4 worker ants
  A hound skeleton (D:8)
  2 adders (D:8)
  An adder zombie (D:9)
  2 giant geckos
  4 orcs
  3 giant cockroaches
  4 hobgoblins
  A jackal (Sewer)
  A kobold (D:1)
  A rat (D:7)
  3 plants (Sewer)
56 creatures vanquished.

Vanquished Creatures (others)
  A yak (D:9)
  A wolf (D:8)
  2 slaves (D:4)
  17 ice beasts
  An iron imp (D:4)
  2 crimson imps
  12 hounds
  2 white imps (D:7)
  2 orcs
  3 hobgoblins
  A giant newt (D:4)
  A giant spore (D:8)
  A goblin (D:4)
  A rat (D:10)
47 creatures vanquished.

Grand Total: 312 creatures vanquished

Notes
Turn   | Place    | Note
--------------------------------------------------------------
     0 | D:1      | PolkaDot, the Vampire Summoner, began the quest for the Orb.
     0 | D:1      | Reached XP level 1. HP: 13/13 MP: 3/3
   362 | D:1      | Reached skill level 1 in Fighting
   638 | D:1      | Reached XP level 2. HP: 18/21 MP: 2/4
   652 | D:1      | Learned a level 2 spell: Call Imp
  1202 | D:2      | Reached XP level 3. HP: 26/28 MP: 6/6
  1207 | D:2      | Learned a level 3 spell: Call Canine Familiar
  1360 | D:2      | Noticed Ijyb
  1395 | D:2      | Killed Ijyb
  1475 | D:2      | Reached XP level 4. HP: 21/35 MP: 7/7
  2479 | D:3      | Found an iron altar of Okawaru.
  2686 | D:3      | Reached XP level 5. HP: 36/42 MP: 9/9
  3208 | D:4      | Found a stormy altar of Qazlal.
  3208 | D:4      | Found an opulent altar of Gozag.
  3211 | D:4      | Found a basalt altar of Yredelemnul.
  3234 | D:4      | Gained mutation: You are agile. (Dex +2) [potion of beneficial mutation]
  3337 | D:4      | Noticed a slave
  3337 | D:4      | Noticed a slave
  3338 | D:4      | Noticed a slave
  3356 | D:4      | Killed a slave
  3364 | D:4      | Noticed Pikel
  3367 | D:4      | Noticed a slave
  3367 | D:4      | Killed a slave
  3391 | D:4      | Killed a slave
  3399 | D:4      | Killed Pikel
  3399 | D:4      | Reached skill level 6 in Fighting
  3399 | D:4      | Reached XP level 6. HP: 10/53 MP: 5/10
  3399 | D:4      | Reached XP level 7. HP: 11/59 MP: 6/12
  3560 | D:4      | Found an ancient bone altar of Kikubaaqudgha.
  3850 | D:4      | Killed a freed slave
  4384 | D:4      | Found a deep blue altar of Sif Muna.
  4387 | D:4      | Became a worshipper of Sif Muna the Loreminder
  4393 | D:4      | Learned a level 4 spell: Summon Ice Beast
  4442 | D:5      | Entered Level 5 of the Dungeon
  4449 | D:5      | Noticed Natasha
  4460 | D:5      | Killed Natasha
  4500 | D:5      | Found a glowing golden altar of the Shining One.
  4534 | D:5      | Noticed Yermak's ghost (average FeFi)
  4557 | D:5      | Killed Yermak's ghost
  4557 | D:5      | Reached skill level 7 in Fighting
  4726 | D:5      | Found a staircase to the Ecumenical Temple.
  4790 | D:5      | Found a shimmering altar of Xom.
  5107 | D:5      | Noticed Natasha
  5111 | D:5      | Killed Natasha
  5243 | D:5      | Noticed Eustachio
  5342 | D:5      | Reached skill level 5 in Summonings
  5370 | D:5      | Killed Eustachio
  5370 | D:5      | Reached skill level 1 in Ice Magic
  5370 | D:5      | Reached XP level 8. HP: 42/68 MP: 3/13
  5517 | D:6      | Reached skill level 8 in Fighting
  5601 | D:6      | Found a glowing drain.
  5605 | Sewer    | Entered a sewer
  6872 | D:6      | Found a glowing golden altar of the Shining One.
  7536 | D:7      | Acquired Sif Muna's first power
  7621 | D:7      | Noticed Joseph
  7641 | D:7      | Killed Joseph
  7781 | D:7      | Found a bloodstained altar of Trog.
  7816 | D:7      | Noticed Sigmund
  7830 | D:7      | Killed Sigmund
  7934 | D:7      | Reached XP level 9. HP: 44/75 MP: 3/14
  8166 | D:7      | Reached skill level 5 in Ice Magic
  8342 | D:7      | Reached skill level 1 in Polearms
  8374 | D:7      | Noticed Duvessa
  8375 | D:7      | Noticed Dowan
  8386 | D:7      | Killed Dowan
  8593 | D:7      | Killed Duvessa
  8593 | D:7      | Acquired Sif Muna's second power
  9123 | D:8      | Learned a level 4 spell: Summon Guardian Golem
  9223 | D:8      | Reached skill level 1 in Hexes
  9293 | D:8      | Found Asugotast's Assorted Antiques.
  9296 | D:8      | Bought a dyed leather armour for 48 gold pieces
  9909 | D:9      | Reached skill level 5 in Hexes
  9986 | D:9      | Noticed Edmund
  9987 | D:9      | Noticed Erolcha
 10159 | D:9      | Killed Erolcha
 10159 | D:9      | Reached XP level 10. HP: 36/82 MP: 10/20
 10184 | D:9      | Banished Edmund
 10729 | D:9      | Learned a level 4 spell: Summon Lightning Spire
 10744 | D:9      | Reached skill level 1 in Air Magic
 10765 | D:10     | Entered Level 10 of the Dungeon
 10875 | D:8      | Bought a black book for 360 gold pieces
 10875 | D:8      | Identified Streo's Disquisition on the Blaze and Conjuration (You bought it in a shop on level 8 of the Dungeon)
 10936 | D:10     | Noticed a guardian serpent
 11100 | D:10     | Killed from afar by a guardian serpent

Action                   |  1- 3 |  4- 6 |  7- 9 | 10-12 || total
-------------------------+-------+-------+-------+-------++-------
Melee: Unarmed           |    47 |       |       |       ||    47
       Spear             |    17 |       |       |       ||    17
       Trident           |    40 |       |   222 |       ||   262
       Dagger            |     2 |       |       |       ||     2
       Club              |    11 |   147 |   135 |       ||   293
       Scythe            |       |       |   167 |    52 ||   219
       Staff             |       |       |       |     1 ||     1
 Cast: Summon Small Mamm |     7 |       |     5 |       ||    12
       Call Canine Famil |     2 |     4 |    22 |     2 ||    30
       Call Imp          |     1 |     2 |     6 |       ||     9
       Summon Ice Beast  |       |       |    42 |    13 ||    55
Invok: Channel Energy    |       |       |    40 |     1 ||    41
 Abil: End Transformatio |       |       |     1 |       ||     1
       Bat Form          |       |       |     1 |       ||     1
Evoke: Wand              |     1 |       |    18 |       ||    19
  Use: Potion            |     4 |    10 |    54 |    12 ||    80
       Scroll            |     1 |     5 |    11 |     3 ||    20
 Stab: Sleeping          |     6 |     2 |    19 |     1 ||    28
       Distracted        |     1 |       |     6 |       ||     7
       Invisible         |       |       |     3 |       ||     3
  Eat: Corpse            |     9 |     7 |    13 |       ||    29
